 Dungeon Crawl Stone Soup version 0.29.1-1-gd02db6906a (webtiles) character file.

Game seed: 6369237848033183405

224 LustLizard the Trooper (level 5, -4/42 HPs)
             Began as a Demonspawn Fighter on Oct 4, 2022.
             Slain by a gnoll
             ... wielding a +0 spear
              (5 damage)
             ... on level 4 of the Dungeon.
             The game lasted 00:03:15 (2660 turns).

LustLizard the Trooper (Demonspawn Fighter)         Turns: 2660, Time: 00:03:16

Health: -4/42      AC: 12    Str: 16    XL:     5   Next: 67%
Magic:  5/5        EV:  6    Int: 10    God:
Gold:   178        SH:  6    Dex: 20    Spells: 4/4 levels left

rFire   . . .      SeeInvis .   a - +0 long sword
rCold   . . .      Faith    .   c - +0 buckler
rNeg    . . .      Spirit   .   o - +0 chain mail
rPois   .          Reflect  .   (helmet restricted)
rElec   .          Harm     .   (no cloak)
rCorr   .          Rampage  .   (no gloves)
Will    .....                   n - +2 pair of boots
Stlth   ..........              (no amulet)
HPRegen 0.14/turn               j - +6 ring of dexterity
MPRegen 0.09/turn               l - ring of wizardry

@: mighty, lethally poisoned (-4 -> -8)
A: horns 1, powered by death 1
a: no special abilities


You were on level 4 of the Dungeon.
You visited 1 branch of the dungeon, and saw 4 of its levels.

You collected 178 gold pieces.

Inventory:

Hand Weapons
 a - a +0 long sword (weapon)
Armour
 b - a +0 scale mail
 c - a +0 buckler (worn)
 n - a +2 pair of boots (worn)
 o - a +0 chain mail (worn)
Jewellery
 j - a +6 ring of dexterity (left hand)
 l - a ring of wizardry (right hand)
 u - an amulet of guardian spirit
Wands
 t - a wand of paralysis (11)
Scrolls
 e - a scroll of amnesia {unknown}
 g - a scroll of identify {unknown}
 k - a scroll of teleportation {unknown}
 m - a scroll of vulnerability {unknown}
 r - a scroll of poison {unknown}
Potions
 d - a potion of might
 f - a potion of magic {unknown}
 h - 3 potions of curing {unknown}
 i - a potion of mutation {unknown}
 p - a potion of brilliance {unknown}
 q - 2 potions of heal wounds {unknown}
 s - a potion of attraction {unknown}


   Skills:
 + Level 3.9 Fighting
 * Level 3.6 Long Blades
 + Level 3.5 Armour
 + Level 3.5 Shields


You had 4 spell levels left.
You didn't know any spells.
Your spell library contained the following spells:

 Spells                   Type           Power      Damage    Failure   Level
 Magic Dart               Conj           0%         1d3       96%         1
 Necrotise                Necr           0%         1d4       96%         1
 Sting                    Tmut/Pois      0%         1d3       96%         1
 Poisonous Vapours        Pois/Air       0%         N/A       99%         2
 Searing Ray              Conj           0%         2d4       99%         2
 Vampiric Draining        Necr           0%         2d6       100%        3
 Fulminant Prism          Conj/Hex       0%         3d6       100%        4
 Olgreb's Toxic Radiance  Pois           0%         N/A       100%        4
 Agony                    Necr           0%         N/A       100%        5


Dungeon Overview and Level Annotations

Branches:
Dungeon (4/15)
 Temple: D:4-7

Altars:
Makhleb
Ru

Annotations:
D:3 2 runed translucent doors, Du3lingdragon's ghost, novice TeBe


Innate Abilities, Weirdness & Mutations

You have a pair of small horns on your head.
You regenerate a little health from kills.


Message History

The gnoll barely misses you.
You closely miss the scorpion.
The scorpion is almost dead.
The scorpion stings you but does no damage.
The scorpion barely misses you. The gnoll hits you but does no damage.
You hit the scorpion.
The scorpion is almost dead.
The scorpion stings you but does no damage.
The gnoll barely misses you.
You hit the scorpion but do no damage.
The scorpion is almost dead.
The scorpion stings you.
You are poisoned.
The scorpion poisons you!
The gnoll hits you from afar with a +0 spear.
* * * LOW HITPOINT WARNING * * *
The scorpion closely misses you.
You feel very mighty all of a sudden.
* * * LOW HITPOINT WARNING * * *
You feel very sick. The gnoll barely misses you.
The scorpion stings you but does no damage.
You hit the scorpion.
You kill the scorpion!
You feel very sick. You block the gnoll's attack.
The gnoll hits you but does no damage. The gnoll hits you with a +0 flail.
* * * LOW HITPOINT WARNING * * *
Okay, then.
You hit the gnoll.
The gnoll is moderately wounded.
* * * LOW HITPOINT WARNING * * *
You feel sick. You block the gnoll's attack.
The gnoll hits you but does no damage.
You completely miss the gnoll.
The gnoll is moderately wounded.
* * * LOW HITPOINT WARNING * * *
You feel sick.
The gnoll hits you from afar with a +0 spear.
You die...

.................#
..##.................#
#....................#
..........#........## #
#........)........### #.
.....####....##### #
...####..).....#.#..#
........######.#....#
........g@............
.####.g##.............
..####......####.###..≈.
............# .... .≈~~ ~
........~.#..##.###~≈~#...
................ . ...
.........~~....# ###
.................
.#..........#.....


You could see 2 gnolls.

Vanquished Creatures
  A scorpion (D:4)
  3 gnolls
  5 adders
  A worm (D:2)
  5 dart slugs
  4 orcs (D:3)
  7 endoplasms
  3 giant cockroaches
  10 goblins
  7 hobgoblins
  2 quokkas
  4 ball pythons
  4 bats
  3 frilled lizards
  9 kobolds
  7 rats
75 creatures vanquished.

Notes
Turn   | Place    | Note
-------+----------+-------------------------------------------
     0 | D:1      | LustLizard the Demonspawn Fighter began the quest for the
                  | Orb.
     0 | D:1      | Reached XP level 1. HP: 18/18 MP: 1/1
   103 | D:1      | Gained mutation: You have a pair of small horns on your
                  | head. [demonic ancestry]
   103 | D:1      | Reached XP level 2. HP: 18/24 MP: 2/2
   712 | D:1      | Reached XP level 3. HP: 28/29 MP: 3/3
  1068 | D:2      | Found a burning altar of Makhleb.
  1416 | D:2      | Gained mutation: You regenerate a little health from kills.
                  | [demonic ancestry]
  1416 | D:2      | Reached XP level 4. HP: 32/35 MP: 4/4
  1994 | D:3      | Found a large runed translucent door.
  1994 | D:3      | Found a large runed translucent door.
  1999 | D:3      | Noticed Du3lingdragon's ghost (novice TeBe)
  2178 | D:3      | Found a sacrificial altar of Ru.
  2640 | D:4      | Reached XP level 5. HP: 28/42 MP: 5/5
  2659 | D:4      | HP: 2/42 [poisoned by a scorpion]
  2660 | D:4      | Slain by a gnoll

Illustrated notes

Levels and vault maps discovered:
D:1:      erik_arrival_orb_chamber, layout_basic, minmay_pentomino_v4
D:2:      minmay_general_purpose_star, layout_rooms, basic_altar,
          hangedman_decor_clover_reticule
D:3:      cheibrodos_greedy_goblins, layout_loops_ring, nicolae_ru_awakened_eye,
          ebering_ghost_disaster_area
D:4:      layout_rooms, serial_rivers, chequers_serial_rivers_micro_c,
          chequers_serial_rivers_room_b, chequers_serial_rivers_small_a,
          chequers_serial_rivers_micro_b, chequers_serial_rivers_micro_c,
          chequers_serial_rivers_micro_b

Skill      XL: |  1  2  3  4 |
---------------+-------------+-----
Long Blades    | 2 3 |  3.6
Armour         | 3 |  3.5
Shields        | 3 |  3.5
Fighting       | |  3.9

Action                   |  1- 3 |  4- 6 || total
-------------------------+-------+-------++-------
Melee: Long sword        |    99 |    96 ||   195
       Headbutt          |     9 |    15 ||    24
  Use: Potion            |       |     1 ||     1
Armor: Scale mail        |    47 |     4 ||    51
       Chain mail        |       |    67 ||    67
Dodge: Dodged            |    35 |    27 ||    62
Block: Buckler           |    25 |    25 ||    50
